groovejumper, chaotic female human Monk --- --*| |.^| |..| |..| --.| # .-- --. |.--- -.----@.| |<.. |...| --.%--.YY---- --%%. ---.----........%.).|..... |...|.........---^.%... ---......^.|...|...... |....----|..-- --..--- |.-- -..-- |.| .--- ---.| --...| |..--- |..| |.-- --- groovejumper the Student of Stones Experience level: 11 Strength: 18/02 Dexterity: 17 Constitution: 15 Intelligence: 9 Wisdom: 15 Charisma: 10 Health: 0(63) Energy: 72(72) AC: 7 Gold: 75 Moves: 13716 Your Inventory: Coins $ - 75 gold pieces Weapons O - 15 uncursed [+0] throwing stars [shuriken] (in quiver) Armor q - an uncursed +0 pair of boots called elven [elven] (being worn) r - an uncursed very rusty +0 plumed helmet [of brilliance] (being worn) B - an uncursed burnt +1 robe (being worn) Scrolls c - an [uncursed] scroll labeled TEMOV [of create monster] S - an uncursed scroll of teleportation Potions i - 5 blessed potions called water [of holy water] Rings d - a [blessed +1] moonstone ring [of increase accuracy] X - an [uncursed] ring of polymorph Z - an [uncursed] quartz ring [of levitation] Wands f - an uncursed wand of magic missile [0:0] A - an [uncursed] wand of create monster [0:13] D - an uncursed wand of magic missile [0:3] J - an uncursed wand of sleep [0:6] Tools a - a cursed [oil] lamp b - an uncursed sack e - an [uncursed] lock pick u - an uncursed [+0] unicorn horn w - an uncursed sack K - an uncursed towel N - an uncursed key [skeleton key] Contents of the sack: 9309 gold pieces 3 uncursed carrots an uncursed cram ration 6 uncursed food rations an uncursed lizard corpse 2 uncursed scrolls called earth [of earth] an uncursed scroll labeled ACHAT SHTAYIM SHALOSH [of light] an uncursed scroll labeled KO BATE [of food detection] an uncursed scroll of confuse monster a cursed scroll of confuse monster an uncursed scroll of destroy armor a blessed scroll of enchant weapon an uncursed scroll of enchant weapon an uncursed scroll of fire a blessed scroll of gold detection a blessed scroll of teleportation an uncursed scroll of teleportation a blessed unlabeled scroll [of blank paper] 3 uncursed unlabeled scrolls [of blank paper] 6 uncursed potions of healing an uncursed agate ring [of poison resistance] an uncursed black onyx ring [of see invisible] an uncursed [+1] ceramic ring [of gain intelligence] a cursed citrine ring [of aggravate monster] an uncursed mithril ring [of warning] an uncursed plain ring [of regeneration] an uncursed porcelain ring [of searching] a cursed ring of polymorph an uncursed silver ring [of cold resistance] a cursed topaz ring [of hunger] an uncursed runed wand [of striking (0:0)] an uncursed runed wand [of striking (0:0)] an uncursed wand of create monster [0:14] a cursed wand of create monster [0:13] an uncursed wand of make invisible [0:3] an uncursed wand of speed monster [0:4] an uncursed wand of speed monster [0:6] an uncursed wand of speed monster [0:4] an uncursed blindfold an uncursed magic marker [0:69] an uncursed magic marker [0:39] an uncursed [+0] pick-axe an uncursed stethoscope an uncursed tin opener Contents of the sack: an uncursed black wand [of secret door detection (0:11)] an uncursed chrome wand [of undead turning (0:6)] an uncursed crystal wand [of cancellation (0:5)] an uncursed marble wand [of opening (0:7)] an uncursed marble wand [of opening (0:5)] Spells known in the end: Name Level Category Fail Memory a - protection 1 clerical 0% [|||.....] b - light 1 divination 0% [||||....] c - detect monsters 1 divination 0% [||||||..] Your skills at the end: Fighting Skills martial arts [Expert / Grand Master] Weapon Skills Spellcasting Skills healing spells [Basic / Expert] Final Attributes: You were piously aligned. Hunger level was 880. Your alignment was 78 / 78. Monster difficulty range was 1 - 8. Level difficulty was 6. You were immune to fire. You resisted cold. You were immune to sleep. You were immune to poison. You saw invisible. You were telepathic. You were warned. You had automatic searching. You were stealthy. Your luck was zero. You are dead. Vanquished creatures: a disenchanter a shopkeeper 3 ghosts 2 giant mimics a hezrou a large mimic a baby long worm a long worm a stalker a winter wolf a small mimic a glass piercer a rodent of unusual size a quantum mechanic a sasquatch a wood golem a giant turtle 2 gelatinous cubes 2 large dogs a freezing sphere a shocking sphere a tiger a tengu 2 ochre jellies a leocrotta an elf mummy a human mummy a crocodile 2 giant beetles a quivering blob a cockatrice 5 wolves 7 winter wolf cubs a panther 17 leprechauns 3 orc-captains 3 iron piercers a giant spider a horse a black light a gnome king 2 brown puddings 3 rust monsters 2 owlbears 2 yetis a gold golem a werewolf 3 lizards a dog a jaguar a dwarf lord a gray unicorn a dust vortex a raven a plains centaur a gnome mummy 3 snakes 3 fire ants a water nymph a mountain nymph 7 Mordor orcs 16 Uruk-hai 5 orc shamans a rock piercer a rock mole a pony 2 fog clouds 2 yellow lights 2 shriekers 2 violet fungi 5 gnome lords 2 gnomish wizards 2 kobold mummies a red naga hatchling a black naga hatchling 2 golden naga hatchlings a gray ooze 2 barrow wights an elf zombie a ghoul a paper golem a wax golem 5 giant ants 2 little dogs 3 floating eyes 2 kittens 5 dwarves 3 kobold lords a kobold shaman 13 hill orcs 2 rothes a centipede a giant bat 3 Kop Sergeants 4 wererats 5 iguanas 11 killer bees an acid blob a coyote a gas spore 7 hobbits 9 manes 2 large kobolds 10 giant rats 4 cave spiders 4 yellow molds a green mold 18 gnomes 4 Keystone Kops 5 garter snakes a gnome zombie 3 geckos 11 jackals 6 foxes 5 kobolds 21 goblins 5 sewer rats 20 grid bugs 4 bats 3 lichens 2 kobold zombies 16 newts 392 creatures vanquished. Voluntary challenges: You pretended to be a vegetarian. You never hit with a wielded weapon. You read items or engraved 48 times. You put on armor 15 times. You never genocided any monsters. You never polymorphed an object. You never changed form. You used no wishes. You wrote Elbereth's name 29 times. You encountered 1 bones level. You never used any Sokoban shortcuts. Dungeon overview: The Dungeons of Doom: levels 1 to 11 Level 1 an altar to Huan Ti, a fountain a long staircase Level 2 a fountain stairs to The Gnomish Mines Level 4 an armor shop, a fountain Level 5 (shop with bones inside) a general store Level 6 some fountains Level 7 a general store Level 8 a fountain Level 9 many fountains Level 10 a fountain stairs to Sokoban The Gnomish Mines: levels 3 to 6 Level 3 stairs to The Dungeons of Doom Level 5 many shops, a temple to Huan Ti, a magic chest, some fountains Level 6 <- You were here Sokoban: levels 7 to 9 Level 9 a magic chest stairs to The Dungeons of Doom History has recorded: On T:1 you entered the Dungeons of Doom to retrieve the Amulet of Yendor! On T:857 you advanced to experience level 2. On T:1806 you advanced to experience level 3. On T:2427 you advanced to experience level 4. On T:2437 you received Sting from Huan Ti. On T:2517 you reached level 2 of The Dungeons of Doom. On T:2944 you reached level 3 of The Dungeons of Doom. On T:2945 you advanced to experience level 5. On T:3299 you reached level 4 of The Dungeons of Doom. On T:3708 you advanced to experience level 6. On T:3857 you reached level 5 of The Dungeons of Doom. On T:3874 you advanced to experience level 7. On T:4395 you reached level 6 of The Dungeons of Doom. On T:4604 you reached level 7 of The Dungeons of Doom. On T:4709 you reached level 8 of The Dungeons of Doom. On T:4819 you advanced to experience level 8. On T:4996 you reached level 11 of The Dungeons of Doom. On T:5023 you reached level 10 of The Dungeons of Doom. On T:5477 you advanced to experience level 9. On T:5515 you reached level 9 of The Dungeons of Doom. On T:5850 you received advice from The Oracle. On T:6347 you advanced to experience level 10. On T:6434 you reached level 3 of Sokoban. On T:7279 you reached level 2 of Sokoban. On T:8071 you reached level 1 of Sokoban. On T:11029 you reached level 1 of The Gnomish Mines. On T:11130 you advanced to experience level 11. On T:11787 you reached level 2 of The Gnomish Mines. On T:12063 you reached level 3 of The Gnomish Mines. On T:13559 you reached level 4 of The Gnomish Mines. Latest messages: [2 turns] You hit the ape! The ape hits! (2x) The ape bites! The ape hits! (2x) The ape bites! [HP-13=38] You hit the ape! The ape hits! (2x) The ape bites! The ape hits! (2x) The ape bites! [HP-15=23] You hit the ape! The ape hits! (2x) The ape bites! The ape hits! (2x) The ape bites! The ape hits! (2x) The ape bites! The ape hits! You die... Final status: Punardarsanaya groovejumper the Monk... You died in The Gnomish Mines on dungeon level 6 with 9690 points, and 9384 pieces of gold, after 13716 moves. You were level 11 with a maximum of 63 hit points when you died.